 Dungeon Crawl Stone Soup version 0.26-a0-540-g8a0c9464d7 (webtiles) character file.

Game seed: 1902580268330967828

18926 kobby the Cleaver (level 12, 0/114 HPs)
             Began as a Tengu Berserker on Aug 23, 2020.
             Was a High Priest of Trog.
             Slain by a tengu warrior
             ... wielding a +0 great mace
              (3 damage)
             ... on level 14 of the Dungeon.
             The game lasted 00:33:26 (17531 turns).

kobby the Cleaver (Tengu Berserker)                Turns: 17531, Time: 00:33:26

Health: 0/114      AC:  8    Str: 22    XL:     12   Next: 63%
Magic:  13/13      EV: 15    Int:  8    God:    Trog [*****.]
Gold:   1101       SH: 13    Dex: 14    Spells: 11/11 levels left

rFire    . . .     SeeInvis .   C - +3 war axe (vorpal)
rCold    . . .     Faith    .   i - +2 kite shield
rNeg     . . .     Spirit   .   s - +0 acid dragon scales
rPois    .         Reflect  .   (helmet restricted)
rElec    .         Harm     .   r - scarf {repulsion}
rCorr    +                      y - +0 pair of gloves
MR       ++...                  (boots unavailable)
Stlth    ..........             L - amulet of regeneration
HPRegen  0.69/turn              h - ring of protection from magic
MPRegen  0.13/turn              v - ring of protection from magic

@: berserking, repel missiles, very quick
A: beak, horns 1, talons 3, deterioration 1, able to fly, sturdy frame 1
a: Fly, Berserk, Trog's Hand, Brothers in Arms, Renounce Religion


You were on level 14 of the Dungeon.
You worshipped Trog.
Trog was extremely pleased with you.
You visited 1 branch of the dungeon, and saw 14 of its levels.
You also visited: Ossuary.

You collected 1101 gold pieces.

Inventory:

Hand Weapons
 a - a +0 hand axe
 o - a +1 war axe
 C - a +3 vorpal war axe (weapon)
 K - a +1 war axe
 P - a +6 broad axe of flaming
Armour
 b - a +0 animal skin
 i - a +2 kite shield (worn)
 j - a +0 chain mail
 r - a scarf of repulsion (worn)
 s - +0 acid dragon scales (worn)
 y - a +0 pair of gloves (worn)
Jewellery
 f - a +6 ring of intelligence
 h - a ring of protection from magic (left hand)
 p - a +6 ring of intelligence
 t - an uncursed amulet of inaccuracy
 v - a ring of protection from magic (right hand)
 A - a +6 ring of intelligence
 D - an uncursed amulet of the acrobat
 E - a +4 ring of evasion {unknown}
 L - an amulet of regeneration (around neck)
 M - an uncursed ring of ice
 N - an uncursed ring of protection from cold
 T - a +6 ring of strength {unknown}
Wands
 k - a wand of random effects (8)
 w - a wand of polymorph (3)
 x - a wand of digging (9)
 B - a wand of iceblast (10)
 G - a wand of paralysis (3)
 I - a wand of flame (35)
Scrolls
 c - 8 scrolls of remove curse
 d - a scroll of fear
 l - 4 scrolls of fog
 z - 7 scrolls of teleportation
 J - 6 scrolls of identify
 Q - a scroll of holy word {unknown}
 R - a scroll of magic mapping
Potions
 e - 2 potions of flight
 g - a potion of stabbing
 m - 2 potions of lignification
 n - 3 potions of curing
 q - 4 potions of degeneration
 u - a potion of haste
 F - a potion of ambrosia
 H - 2 potions of magic {unknown}
 O - a potion of invisibility {unknown}
 S - a potion of resistance {unknown}


   Skills:
 + Level 9.2 Fighting
 + Level 14.2 Axes
 + Level 6.2 Armour
 + Level 7.2 Dodging
 + Level 6.7 Stealth
 + Level 8.4 Shields


You had 11 spell levels left.
You didn't know any spells.
Your spell library was empty.

Dungeon Overview and Level Annotations

Branches:
Dungeon (14/15)            Temple (0/1) D:5            Lair (0/6) D:10
    Orc (0/2) D:11        Ossuary (visited)
 Vaults: D:13-14

Altars:
Fedhas
Gozag
Qazlal
Xom
Zin

Shops:
D:7 [   D:14 (

Annotations:
D:4 Natasha


Innate Abilities, Weirdness & Mutations

You have a beak for a mouth.
You have claws for feet.
You can fly continuously.
You have a pair of small horns on your head.
Your body sometimes deteriorates upon taking damage.
Your movements are slightly less encumbered by armour. (ER -2)


Message History

The tengu warrior barely misses you.
You barely miss the tengu warrior. Your kick misses the tengu warrior.
The tengu warrior is moderately wounded.
The tengu warrior hits you with a +0 great mace!!
* * * LOW HITPOINT WARNING * * *
You block the tengu warrior's attack. x2
You barely miss the tengu warrior. You claw the tengu warrior!
Your headbutt misses the tengu warrior.
The tengu warrior is heavily wounded.
You hit the tengu warrior but do no damage.
Your kick misses the tengu warrior.
The tengu warrior is heavily wounded.
The tengu warrior hits you with a +0 great mace!!
* * * LOW HITPOINT WARNING * * *
You block the tengu warrior's attack.
The tengu warrior claws you but does no damage.
A red film seems to cover your vision as you go berserk!
You feel yourself moving faster!
You feel mighty! You block the tengu warrior's attack.
The tengu warrior pecks you.
You die...

... ...... #########
...... ......... .....P
#.......# ###'....PP
......Q)#######<....♣...
#......@'....##.....♣...
#.......####..'.........
+.......# ####.......⌠.
#.......# #.........
#.####### #.....♣... #
##'#.....? #.#..)(..
#....#### ####..#


You could see a tengu warrior.

Vanquished Creatures
  Josephine (D:13)
  3 two-headed ogres
  A tengu warrior (D:14)
  The ghost of Bliebski the Shield-Bearer, a novice OpTm of Gozag (D:9)
  2 unseen horrors (D:13)
  A wizard (D:14)
  Pikel (D:4)
  A deep elf mage (D:14)
  2 cyclopes (D:13)
  Joseph (D:7)
  Maggie (D:10)
  A yaktaur (shapeshifter) (D:13)
  A kobold demonologist (D:14)
  A troll (D:9)
  4 hippogriffs
  5 wraiths (D:13)
  Sigmund (D:4)
  2 shadows (D:13)
  2 vampires
  4 yaks
  A steam dragon (D:8)
  A soldier ant (D:14)
  2 acid dragons
  A water moccasin (D:8)
  4 porcupines (D:10)
  An ice beast (D:6)
  6 orc warriors
  A black bear (D:7)
  4 sky beasts
  2 phantoms
  3 ogres
  5 centaurs
  2 lemures (D:4)
  2 crocodiles
  2 big kobolds
  9 bullfrogs
  A wyvern zombie (D:13)
  3 water moccasin zombies (Ossuary)
  A wyvern skeleton (D:9)
  5 scorpions
  12 killer bees
  2 howler monkeys
  9 wights
  3 electric eels (D:6)
  A quasit (D:8)
  3 jellies
  7 orc priests
  A centaur skeleton (D:5)
  A gnoll shaman (D:5)
  11 hounds
  2 iguanas (D:5)
  A bullfrog skeleton (D:13)
  11 orc wizards
  9 worker ants
  Natasha (D:4)
  5 big kobold zombies (Ossuary)
  2 mummies (Ossuary)
  11 gnolls
  A howler monkey skeleton (D:10)
  9 adders
  A shadow imp (D:9)
  2 white imps
  An ufetubus (D:7)
  2 oozes
  3 adder skeletons
  3 adder zombies (Ossuary)
  2 worms (D:3)
  6 dart slugs
  10 leopard geckos
  55 orcs
  9 giant cockroaches
  5 gnoll zombies (Ossuary)
  8 goblins
  11 hobgoblins
  12 jackals
  2 quokkas
  2 ball pythons
  3 bats
  2 frilled lizards (D:3)
  9 hobgoblin zombies (Ossuary)
  2 jackal zombies
  13 kobolds
  A kobold zombie (Ossuary)
  4 orc zombies (Ossuary)
  7 rats
  A fungus (D:10)
  4 plants (D:10)
374 creatures vanquished.

Vanquished Creatures (collateral kills)
  A kobold demonologist (D:14)
  An efreet (D:14)
  3 orc warriors
  An ice beast (D:14)
  A centaur (D:10)
  A big kobold (D:8)
  3 killer bees (D:8)
  An orc priest (D:10)
  2 jellies (D:10)
  2 orc wizards (D:10)
  A worker ant (D:8)
  A gnoll (D:8)
  A shadow imp (D:10)
  5 orcs
  7 kobolds (D:8)
31 creatures vanquished.

Vanquished Creatures (others)
  An orc (D:4)
  5 fungi (D:10)
6 creatures vanquished.

Grand Total: 411 creatures vanquished

Notes
Turn   | Place    | Note
-------+----------+-------------------------------------------
     0 | D:1      | kobby the Tengu Berserker began the quest for the Orb.
     0 | D:1      | Reached XP level 1. HP: 14/14 MP: 2/2
   414 | D:1      | Reached XP level 2. HP: 11/19 MP: 3/3
   845 | D:1      | Reached skill level 4 in Axes
  1032 | D:1      | Reached XP level 3. HP: 19/23 MP: 4/4
  1488 | D:1      | Reached ** piety under Trog
  2307 | D:2      | Reached XP level 4. HP: 25/28 MP: 5/5
  3134 | D:3      | Reached skill level 1 in Stealth
  3142 | D:3      | Gained mutation: You can fly continuously. [Tengu growth]
  3142 | D:3      | Reached XP level 5. HP: 24/33 MP: 6/6
  3982 | D:3      | Reached skill level 5 in Axes
  4421 | D:4      | Reached *** piety under Trog
  4429 | D:4      | Reached skill level 1 in Shields
  4429 | D:4      | Reached XP level 6. HP: 4/38 MP: 7/7
  5262 | D:4      | Noticed Sigmund
  5266 | D:4      | Killed Sigmund
  5266 | D:4      | Reached skill level 6 in Axes
  5266 | D:4      | Reached XP level 7. HP: 44/44 MP: 8/8
  5859 | D:4      | Reached skill level 7 in Axes
  6017 | D:4      | Noticed Pikel
  6024 | D:4      | Killed Pikel
  6024 | D:4      | Reached skill level 5 in Fighting
  6024 | D:4      | Reached skill level 8 in Axes
  6024 | D:4      | Reached XP level 8. HP: 49/49 MP: 9/9
  6244 | D:4      | Noticed Natasha
  6252 | D:4      | Killed Natasha
  6777 | D:4      | Noticed Natasha
  6898 | D:5      | Entered Level 5 of the Dungeon
  7368 | D:5      | Found a staircase to the Ecumenical Temple.
  7612 | D:5      | Reached skill level 9 in Axes
  7615 | D:5      | Reached XP level 9. HP: 54/54 MP: 10/10
  7857 | D:6      | Found a sand-covered staircase.
  7864 | Ossuary  | Entered an ossuary
  7905 | Ossuary  | Reached **** piety under Trog
  8404 | Ossuary  | Gained mutation: Your body sometimes deteriorates upon
                  | taking damage. [potion of mutation]
  8404 | Ossuary  | Gained mutation: You have supernaturally acute eyesight.
                  | (SInv) [potion of mutation]
  8404 | Ossuary  | Gained mutation: Your mind is acute. (Int +2) [potion of
                  | mutation]
  8405 | Ossuary  | Lost mutation: Your body sometimes deteriorates upon taking
                  | damage. [potion of mutation]
  8405 | Ossuary  | Lost mutation: You have supernaturally acute eyesight.
                  | (SInv) [potion of mutation]
  8405 | Ossuary  | Gained mutation: You expend magic power (3 MP) to
                  | strengthen your wands. [potion of mutation]
  8405 | Ossuary  | Lost mutation: Your mind is acute. (Int +2) [potion of
                  | mutation]
  8405 | Ossuary  | Gained mutation: Your muscles are strong. (Str +2) [potion
                  | of mutation]
  8406 | Ossuary  | Lost mutation: Your muscles are strong. (Str +2) [potion of
                  | mutation]
  8406 | Ossuary  | Lost mutation: You expend magic power (3 MP) to strengthen
                  | your wands. [potion of mutation]
  8406 | Ossuary  | Gained mutation: Your movements are slightly less
                  | encumbered by armour. (ER -2) [potion of mutation]
  8406 | Ossuary  | Gained mutation: Your body sometimes deteriorates upon
                  | taking damage. [potion of mutation]
  8406 | Ossuary  | Gained mutation: You have a pair of small horns on your
                  | head. [potion of mutation]
  8754 | D:6      | Reached skill level 10 in Axes
 10052 | D:7      | Found a blossoming altar of Fedhas.
 10238 | D:7      | Found Iceani's Armour Boutique.
 10416 | D:7      | Noticed Joseph
 10428 | D:7      | Killed Joseph
 10428 | D:7      | Reached skill level 5 in Dodging
 10768 | D:7      | Reached skill level 11 in Axes
 10768 | D:7      | Reached XP level 10. HP: 59/61 MP: 11/11
 10776 | D:7      | Reached ***** piety under Trog
 11845 | D:8      | Found a glowing silver altar of Zin.
 12482 | D:9      | Found a runed translucent gate.
 12482 | D:9      | Found a runed translucent gate.
 12483 | D:9      | Found a runed translucent gate.
 12484 | D:9      | Found an opulent altar of Gozag.
 12486 | D:9      | Noticed Bliebski's ghost (novice OpTm)
 12498 | D:9      | Killed Bliebski's ghost
 12498 | D:9      | Reached skill level 5 in Shields
 13408 | D:10     | Entered Level 10 of the Dungeon
 13416 | D:10     | Reached skill level 12 in Axes
 13418 | D:10     | Reached skill level 5 in Armour
 13555 | D:10     | Found a staircase to the Lair.
 13574 | D:10     | Reached XP level 11. HP: 52/67 MP: 12/12
 13586 | D:10     | Received a gift from Trog
 13590 | D:10     | Noticed Maggie
 13601 | D:10     | Killed Maggie
 13891 | D:10     | Noticed a two-headed ogre
 13909 | D:10     | Killed a two-headed ogre
 14856 | D:11     | Reached skill level 5 in Stealth
 14970 | D:11     | Noticed a two-headed ogre
 14976 | D:11     | Killed a two-headed ogre
 15083 | D:11     | Found a staircase to the Orcish Mines.
 15229 | D:11     | Received a gift from Trog
 15729 | D:11     | Found a stormy altar of Qazlal.
 16360 | D:13     | Reached skill level 13 in Axes
 16438 | D:13     | Noticed a sphinx
 16438 | D:13     | Noticed a cyclops
 16439 | D:13     | Noticed a green ugly thing
 16442 | D:13     | Noticed a fire dragon
 16443 | D:13     | Noticed a fire crab
 16479 | D:13     | Killed an unseen horror
 16620 | D:13     | Killed an unseen horror
 16893 | D:13     | Found a shimmering altar of Xom.
 16909 | D:13     | Reached XP level 12. HP: 61/75 MP: 13/13
 16916 | D:13     | Noticed Josephine
 16928 | D:13     | Killed Josephine
 17320 | D:14     | Found Imivagh's Antique Weapon Emporium.
 17461 | D:14     | Noticed a two-headed ogre
 17472 | D:14     | Reached skill level 14 in Axes
 17473 | D:14     | Killed a two-headed ogre
 17513 | D:14     | Noticed a tengu warrior
 17515 | D:14     | Noticed a tengu warrior
 17524 | D:14     | Killed a tengu warrior
 17530 | D:14     | HP: 2/76 [tengu warrior/+0 great mace (21)]
 17531 | D:14     | Slain by a tengu warrior

Illustrated notes

Levels and vault maps discovered:
D:1:      nicolae_arrival_memento_mori, layout_basic
D:2:      layout_basic
D:3:      layout_loops_corners, portal_sewer_entry_f
D:4:      old_forge, layout_loops_corners, serial_forest,
          infiniplex_forest_lined_2, infiniplex_forest_pool,
          infiniplex_forest_lined_4_way, infiniplex_forest_lined_room_3,
          infiniplex_forest_lined_room_, infiniplex_forest_clump_cross,
          infiniplex_forest_clump_curved, infiniplex_forest_lined_3_way,
          minmay_misc_feat_nine_boxes, uniq_pikel, uniq_sigmund, uniq_natasha
D:5:      layout_cave_pods, minmay_temple_entry_proselytizer
D:6:      layout_basic, serial_bayou, serial_bayou_lake_a, serial_bayou_pond_d,
          serial_bayou_pond_c, serial_bayou_shore_b, serial_bayou_pond_b,
          serial_bayou_pond_e, enter_ossuary_3, nicolae_lava_and_water
D:7:      layout_cave_pods, fedhas_ov_isle_minmay, serial_shops,
          kennysheep_mini, uniq_joseph
D:8:      layout_loops_ring, basic_altar
D:9:      layout_loops_cross, ebering_ghost_gozag
D:10:     layout_loops_cross, due_lair_maze_entry_diamond,
          minmay_misc_feat_hallway, corexii_checkpoint_a, uniq_maggie
D:11:     layout_loops_ring, hiddenorc2_lemuel, nicolae_qazlal_eye_of_the_storm
D:12:     layout_loops_ring, serial_bayou_crossing
D:13:     layout_loops_ring, basic_altar, onia_ninara_dug_in_and_dangerous,
          uniq_josephine
D:14:     layout_roguey, ximxim_vaults_locker_room, serial_shops,
          shop_fountains, serial_park_paths [serial_park_minivault_5x5_1],
          gauntlet_entry_generic, minmay_rotating_lava

Skill      XL: |  1  2  3  4  5  6  7  8  9 10 11 12 |
---------------+-------------------------------------+-----
Axes           | 4 5 6 8 9 11 12 13 14 | 14.2
Stealth        | 1 2 3 4 5 6 |  6.7
Dodging        | 3 4 5 6 7 |  7.2
Shields        | 1 2 3 4 6 7 8 |  8.4
Fighting       | 4 5 6 7 8 9 |  9.2
Armour         | 5 6 |  6.2

Action                   |  1- 3 |  4- 6 |  7- 9 | 10-12 || total
-------------------------+-------+-------+-------+-------++-------
Melee: Hand axe          |    89 |    46 |       |       ||   135
       Kick              |    21 |    21 |    79 |   163 ||   284
       Peck              |     8 |    18 |    47 |    83 ||   156
       War axe           |       |    49 |   269 |   489 ||   807
       Headbutt          |       |       |    19 |    89 ||   108
Invok: Berserk           |       |     3 |     6 |    12 ||    21
       Brothers in Arms  |       |       |       |     5 ||     5
  Use: Scroll            |     2 |       |    12 |     8 ||    22
       Potion            |       |       |    12 |     7 ||    19
 Stab: Sleeping          |       |     3 |     5 |    15 ||    23
       Distracted        |       |       |       |     1 ||     1
Armor: Animal skin       |    17 |    11 |    12 |       ||    40
       Chain mail        |       |       |    11 |    51 ||    62
       Acid dragon scale |       |       |       |    76 ||    76
Dodge: Dodged            |    61 |    52 |    72 |   195 ||   380
       Repelled          |       |       |     1 |     1 ||     2
Block: Kite shield       |     1 |    32 |    99 |   303 ||   435

Table legend: (Time is in decaauts)
 A = Elapsed time spent in this place.
 B = Non-inter-level travel time spent in this place.
 C = Inter-level travel time spent in this place.
 D = Time resting spent in this place.
 E = Time spent auto-exploring this place.
 F = Levels seen in this place.
 G = Mean time per level.
                   A        B        C        D        E       F      G
               +--------+--------+--------+--------+--------+-----+--------+
         Total |  17795 |  17795 |      0 |   4090 |  10669 |  15 | 1186.3 |
       Dungeon |  17183 |  17183 |      0 |   4035 |  10246 |  14 | 1227.4 |
       Ossuary |    611 |    611 |      0 |     55 |    423 |   1 |  611.0 |
               +--------+--------+--------+--------+--------+-----+--------+

Top non-repeatable levels by time:
     D:4: 2770 daAuts
     D:7: 1810 daAuts
     D:1: 1693 daAuts
     D:6: 1515 daAuts
     D:3: 1485 daAuts
     D:9: 1347 daAuts
     D:2: 1067 daAuts
    D:11: 1061 daAuts
    D:10: 992 daAuts
    D:13: 982 daAuts
     D:5: 904 daAuts
     D:8: 747 daAuts
 Ossuary: 611 daAuts
    D:12: 575 daAuts
    D:14: 230 daAuts
